 Dungeon Crawl Stone Soup version 0.29-a0-344-ge2f44be95a (webtiles) character file.

Game seed: 5083084655100354503

193 Hubjo the Firebug (level 5, -5/30 HPs)
             Began as a Deep Elf Fire Elementalist on Apr 21, 2022.
             Slain by a gnoll
             ... wielding a +0 halberd
              (13 damage)
             ... on level 4 of the Dungeon.
             The game lasted 00:07:24 (6130 turns).

Hubjo the Firebug (Deep Elf Fire Elementalist)      Turns: 6130, Time: 00:07:25

Health: -5/30      AC:  5    Str:  5    XL:     5   Next: 43%
Magic:  9/13       EV: 12    Int: 20    God:
Gold:   239        SH:  0    Dex: 17    Spells: 11/12 levels left

rFire   . . .      SeeInvis .   r - +6 whip
rCold   + . .      Faith    .   (no shield)
rNeg    . . .      Spirit   .   p - +2 leather armour {rC+}
rPois   .          Reflect  .   (no helmet)
rElec   .          Harm     .   (no cloak)
rCorr   .          Rampage  .   (no gloves)
Will    .....                   (no boots)
Stlth   ++........              (no amulet)
HPRegen 0.10/turn               (no ring)
MPRegen 0.13/turn               (no ring)

@: very slightly contaminated
A: no striking features
a: no special abilities


You were on level 4 of the Dungeon.
You visited 1 branch of the dungeon, and saw 4 of its levels.

You collected 239 gold pieces.

Inventory:

Hand Weapons
 f - a +0 dagger
 m - a +1 hand axe of venom
 r - a +6 whip (weapon)
Armour
 a - a +0 robe
 p - a +2 leather armour of cold resistance (worn)
Scrolls
 d - a scroll of vulnerability
 g - a scroll of identify {unknown}
 j - a scroll of brand weapon {unknown}
 k - a scroll of teleportation {unknown}
 n - a scroll of torment {unknown}
Potions
 b - a potion of magic
 c - 5 potions of flight
 e - a potion of lignification {unknown}
 h - a potion of resistance {unknown}
 o - a potion of berserk rage {unknown}
 q - a potion of degeneration {unknown}


   Skills:
 * Level 2.1 Fighting
 - Level 2.6 Dodging
 + Level 3.7 Stealth
 + Level 4.0 Spellcasting
 + Level 2.5 Conjurations
 + Level 4.2 Fire Magic


You had 11 spell levels left.
You knew the following spells:

 Your Spells              Type           Power      Damage    Failure   Level
a - Foxfire               Conj/Fire      68%        2x1d7     5%          1

Your spell library contained the following spells:

 Spells                   Type           Power      Damage    Failure   Level
 Scorch                   Fire           40%        2d7       6%          2
 Conjure Flame            Conj/Fire      17%        6-21      16%         3
 Inner Flame              Hex/Fire       12%        N/A       26%         3
 Blink                    Tloc           8%         N/A       32%         2
 Flame Wave               Conj/Fire      17%        2d6       47%         4
 Manifold Assault         Tloc           4%         N/A       99%         5
 Storm Form               Tmut/Air       2%         N/A       100%        7


Dungeon Overview and Level Annotations

Branches:
Dungeon (4/15)
 Temple: D:4-7

Altars:
Sif Muna


Message History

You are too injured to fight recklessly!
You are too injured to fight recklessly!
You are too injured to fight recklessly!
You are too injured to fight recklessly!
You are too injured to fight recklessly!
You are too injured to fight recklessly!
You are too injured to fight recklessly!
You are too injured to fight recklessly!
You are too injured to fight recklessly!
You are too injured to fight recklessly!
You are too injured to fight recklessly!
You are too injured to fight recklessly!
Casting: Foxfire (safe; 5% risk of failure)
Confirm with . or Enter, or press ? or * to list all spells.
You miscast Foxfire.
You are very lightly contaminated with residual magic.
Nothing appears to happen.
The gnoll hits you with a +0 whip.
Casting: Foxfire (safe; 5% risk of failure)
Confirm with . or Enter, or press ? or * to list all spells.
You conjure some foxfire!
The gnoll completely misses you.
Unknown command.
Casting: Foxfire (safe; 5% risk of failure)
Confirm with . or Enter, or press ? or * to list all spells.
You conjure some foxfire!
The foxfire hits the gnoll but does no damage.
The gnoll is severely wounded.
The foxfire hits the gnoll.
The gnoll is moderately wounded.
The gnoll barely misses you. The gnoll closely misses you.
The gnoll barely misses you.
Casting: Foxfire (safe; 5% risk of failure)
Confirm with . or Enter, or press ? or * to list all spells.
You miscast Foxfire.
Nothing appears to happen.
The foxfire hits the gnoll.
The gnoll is almost dead.
The foxfire hits the gnoll.
The gnoll is severely wounded.
The gnoll hits you from afar with a +0 halberd.
* * * LOW HITPOINT WARNING * * *
The gnoll hits you from afar with a +0 halberd!
You die...

#......##.# #....#
#.........# ###..####
....###.### #.....#
#.###.....# #.>##.#
###.....#.# #.###.###
#.......#.#####.###...#
###....##....##....##.#
###..§§§....####.##.#
###.@§....####.##.#
.....g.g§.......#..#.#
.....g........#.##.#.#
#.............#.##.#.#
#.............#.##.#.#
.
#..........)..#.##.#..
# #.............#)##.#
# .............##..÷.#
# .........#######


You could see 3 gnolls.

Vanquished Creatures
  Jessica (D:2)
  An orc wizard (D:3)
  4 adders
  3 worms
  4 dart slugs
  4 orcs (D:3)
  5 endoplasms
  12 giant cockroaches
  7 goblins
  11 hobgoblins
  8 kobolds
  6 ball pythons
  8 bats
  4 frilled lizards
  4 rats
82 creatures vanquished.

Vanquished Creatures (others)
  119 foxfires
  2 withered plants (D:1)
121 creatures vanquished.

Grand Total: 203 creatures vanquished

Notes
Turn   | Place    | Note
-------+----------+-------------------------------------------
     0 | D:1      | Hubjo the Deep Elf Fire Elementalist began the quest for
                  | the Orb.
     0 | D:1      | Reached XP level 1. HP: 10/10 MP: 6/6
   244 | D:1      | Reached XP level 2. HP: 15/15 MP: 1/8
  1367 | D:1      | Found a faded altar of an unknown god.
  1622 | D:1      | Reached XP level 3. HP: 16/20 MP: 9/9
  2352 | D:2      | Found a shimmering blue altar of Sif Muna.
  2404 | D:2      | Reached skill level 1 in Fighting
  2464 | D:2      | Noticed Jessica
  2511 | D:2      | Killed Jessica
  2512 | D:2      | Reached XP level 4. HP: 16/25 MP: 11/11
  3108 | D:2      | HP: 1/25 [kobold/+3 whip (4)]
  4864 | D:3      | Reached XP level 5. HP: 30/30 MP: 6/12
  6130 | D:4      | Slain by a gnoll

Illustrated notes

Levels and vault maps discovered:
D:1:      minmay_arrival_arboretum_small, layout_loops_corners,
          shapermc_ecumenical_altar_flowoftime, minmay_cut_off
D:2:      layout_loops_ring, basic_altar, uniq_jessica
D:3:      minmay_roachtagon, layout_rooms
D:4:      layout_basic, amcnicky_altar_gilded, nicolae_ashenzari_panopticon,
          temple_hall

Skill      XL: |  1  2  3  4  5 |
---------------+----------------+-----
Stealth        | 3 |  3.7
Fighting       | 1 2 |  2.1
Conjurations   | 2 |  2.5
Fire Magic     | 4 |  4.2
Spellcasting   | 4 |  4.0
Dodging        | |  2.6

Action                   |  1- 3 |  4- 6 || total
-------------------------+-------+-------++-------
Melee: Dagger            |    63 |       ||    63
       Unarmed           |    11 |       ||    11
       Punch             |     1 |     2 ||     3
       Hand axe          |    18 |    21 ||    39
       Whip              |       |    78 ||    78
 Cast: Foxfire           |    32 |    49 ||    81
  Use: Potion            |       |     8 ||     8
       Scroll            |       |     5 ||     5
 Stab: Sleeping          |     5 |     2 ||     7
Armor: Robe              |    17 |       ||    17
       Leather armour    |     2 |    51 ||    53
Dodge: Dodged            |    53 |   130 ||   183

Table legend: (Time is in decaauts)
 A = Elapsed time spent in this place.
 B = Non-inter-level travel time spent in this place.
 C = Inter-level travel time spent in this place.
 D = Time resting spent in this place.
 E = Time spent auto-exploring this place.
 F = Levels seen in this place.
 G = Mean time per level.
                   A        B        C        D        E       F      G
               +--------+--------+--------+--------+--------+-----+--------+
         Total |   6150 |   6129 |     21 |   1269 |   4024 |   4 | 1537.5 |
       Dungeon |   6150 |   6129 |     21 |   1269 |   4024 |   4 | 1537.5 |
               +--------+--------+--------+--------+--------+-----+--------+

Top non-repeatable levels by time:
     D:2: 1970 daAuts
     D:1: 1859 daAuts
     D:3: 1394 daAuts
     D:4: 926 daAuts
